TOP OF THE 1ST |
Nassau Rockets batting - Pitching for So Cal Bruins : RHP Flint Gray
|
Pitching: RHP Flint Gray
|
|
Batting: SHB Howard Parker
|
0-0: Foul Ball, location: 2F 0-1: Ball 1-1: Swinging Strike 1-2: SINGLE (Line Drive, 78M)
|
Batting: LHB Andrew Alvarado
|
0-0: Ball 1-0: Grounds into double play, 4-6-3 (Groundball, 4)
|
Batting: LHB Don Ramey
|
0-0: Ball 1-0: Foul Ball, location: 2F 1-1: Ball 2-1: Fly out, F9 (Flyball, 9)
|
Top of the 1st over - 0 run(s), 1 hit(s), 0 error(s), 0 left on base; Nassau 0 - So Cal 0 |
BOTTOM OF THE 1ST |
So Cal Bruins batting - Pitching for Nassau Rockets : RHP Suezo Morimoto
|
Pitching: RHP Suezo Morimoto
|
|
Batting: LHB Jesús Campos
|
0-0: Called Strike 0-1: Ball 1-1: Swinging Strike 1-2: SINGLE (Line Drive, 34D)
|
Batting: RHB William Richardson
|
0-0: Ball 1-0: Called Strike 1-1: Foul Ball, location: 2F 1-2: SINGLE (Line Drive, 56) Jesús Campos to second
|
Batting: RHB Earl Wiggins
|
0-0: Called Strike 0-1: Swinging Strike 0-2: Foul Ball, location: 2F 0-2: 3-RUN HOME RUN (Flyball, 7D), Distance : 365 ft
|
Batting: LHB José Antonio Santiago
|
0-0: Called Strike 0-1: Fly out, F8 (Line Drive, 78M)
|
Batting: RHB Rubén Calderón
|
0-0: Swinging Strike 0-1: Ball 1-1: Called Strike 1-2: Strikes out looking
|
Batting: LHB Kiyonaga Morita
|
0-0: Ball 1-0: Ball 2-0: Ball 3-0: Called Strike 3-1: Foul Ball, location: 2F 3-2: Base on Balls
|
Batting: RHB Lawrence Schroeder
|
0-0: Called Strike 0-1: Ball 1-1: Ball 2-1: Called Strike 2-2: Foul Ball, location: 2F 2-2: SINGLE (Groundball, 4MD) Kiyonaga Morita to second
|
Batting: LHB Jeff Carter
|
0-0: SINGLE (Flyball, 7LS) Kiyonaga Morita to third Lawrence Schroeder to second Runner from 3rd tries for Home, SAFE, throw made home
|
Batting: RHB Morgan Gibbon
|
0-0: SINGLE (Line Drive, 56D) Lawrence Schroeder to third Jeff Carter to second
|
Batting: LHB Jesús Campos
|
0-0: Ball 1-0: Ball 2-0: Foul Ball, location: 2F 2-1: Fly out, F9 (Line Drive, 9D)
|
Bottom of the 1st over - 4 run(s), 6 hit(s), 0 error(s), 3 left on base; Nassau 0 - So Cal 4 |
TOP OF THE 2ND |
Nassau Rockets batting - Pitching for So Cal Bruins : RHP Flint Gray
|
Batting: LHB Wilson Allen
|
0-0: Fly out, F2 (Popup, 3S)
|
Batting: RHB Kenji Kudo
|
0-0: Called Strike 0-1: Ball 1-1: Swinging Strike 1-2: Ball 2-2: Ball 3-2: SOLO HOME RUN (Flyball, 78XD), Distance : 391 ft
|
Batting: LHB Doug Thompson
|
0-0: Ball 1-0: Ball 2-0: SINGLE (Groundball, 56D)
|
Batting: RHB Salvador Borbón
|
0-0: Foul Ball, location: 2F 0-1: Fly out, F8 (Line Drive, 78D)
|
Batting: LHB Bob Martin
|
0-0: Foul Ball, location: 2F 0-1: Swinging Strike 0-2: Ball 1-2: Strikes out swinging
|
Top of the 2nd over - 1 run(s), 2 hit(s), 0 error(s), 1 left on base; Nassau 1 - So Cal 4 |
BOTTOM OF THE 2ND |
So Cal Bruins batting - Pitching for Nassau Rockets : RHP Suezo Morimoto
|
Batting: RHB William Richardson
|
0-0: Called Strike 0-1: Ball 1-1: Foul Ball, location: 2F 1-2: Ball 2-2: Foul Ball, location: 2F 2-2: Ball 3-2: Fly out, F8 (Flyball, 8LM)
|
Batting: RHB Earl Wiggins
|
0-0: Fly out, F4 (Popup, 3D)
|
Batting: LHB José Antonio Santiago
|
0-0: Ball 1-0: Swinging Strike 1-1: Called Strike 1-2: Ground out 1-3 (Groundball, 13S)
|
Bottom of the 2nd over - 0 run(s), 0 hit(s), 0 error(s), 0 left on base; Nassau 1 - So Cal 4 |
TOP OF THE 3RD |
Nassau Rockets batting - Pitching for So Cal Bruins : RHP Flint Gray
|
Batting: RHB Yaichiro Sugahara
|
0-0: Ball 1-0: Called Strike 1-1: Foul Ball, location: 2F 1-2: Foul Ball, location: 2F 1-2: Ball 2-2: SINGLE (Flyball, 9LS)
|
Batting: SHB Howard Parker
|
0-0: Ball 1-0: Ball 2-0: Called Strike 2-1: Ball 3-1: Base on Balls Yaichiro Sugahara to second
|
Batting: LHB Andrew Alvarado
|
0-0: Ball 1-0: Ball 2-0: Foul Ball, location: 2F 2-1: Foul Ball, location: 2F 2-2: Ball 3-2: Foul Ball, location: 2F 3-2: Base on Balls Yaichiro Sugahara to third Howard Parker to second
|
Batting: LHB Don Ramey
|
0-0: SINGLE (Line Drive, 4D) Yaichiro Sugahara scores Howard Parker to third Andrew Alvarado to second
|
Batting: LHB Wilson Allen
|
0-0: Called Strike 0-1: Ball 1-1: Swinging Strike 1-2: Strikes out swinging
|
Batting: RHB Kenji Kudo
|
0-0: Ball 1-0: Foul Ball, location: 2F 1-1: Foul Ball, location: 2F 1-2: Ball 2-2: Ball 3-2: Strikes out looking
|
Batting: LHB Doug Thompson
|
0-0: Called Strike 0-1: Fielders Choice at 2nd, 6-4 (Groundball, 56)
|
Top of the 3rd over - 1 run(s), 2 hit(s), 0 error(s), 2 left on base; Nassau 2 - So Cal 4 |
BOTTOM OF THE 3RD |
So Cal Bruins batting - Pitching for Nassau Rockets : RHP Suezo Morimoto
|
Batting: RHB Rubén Calderón
|
0-0: Called Strike 0-1: Ball 1-1: Foul Ball, location: 2F 1-2: Foul Ball, location: 2F 1-2: Ball 2-2: Ball 3-2: Ground out 5-3 (Groundball, 5)
|
Batting: LHB Kiyonaga Morita
|
0-0: Swinging Strike 0-1: Ball 1-1: Foul Ball, location: 2F 1-2: Ball 2-2: Foul Ball, location: 2F 2-2: Ball 3-2: Foul Ball, location: 2F 3-2: SINGLE (Line Drive, 9LM)
|
Batting: RHB Lawrence Schroeder
|
0-0: Ball 1-0: SINGLE (Groundball, 56D) Kiyonaga Morita to second
|
Batting: LHB Jeff Carter
|
Balk! Kiyonaga Morita to third Lawrence Schroeder to second 0-0: Swinging Strike 0-1: Ball 1-1: 3-RUN HOME RUN (Flyball, 9LD), Distance : 350 ft
|
Pitching: RHP Derek Simpson
|
|
Batting: RHB Morgan Gibbon
|
0-0: Ground out 4-3 (Groundball, 4)
|
Batting: LHB Jesús Campos
|
0-0: Ball 1-0: Ball 2-0: Called Strike 2-1: Ball 3-1: Foul Ball, location: 2F 3-2: Base on Balls
|
Batting: RHB William Richardson
|
0-0: Foul Ball, location: 2F 0-1: Ball 1-1: Called Strike 1-2: Foul Ball, location: 2F 1-2: Fly out, F9 (Flyball, 9)
|
Bottom of the 3rd over - 3 run(s), 3 hit(s), 0 error(s), 1 left on base; Nassau 2 - So Cal 7 |
TOP OF THE 4TH |
Nassau Rockets batting - Pitching for So Cal Bruins : RHP Flint Gray
|
Batting: RHB Salvador Borbón
|
0-0: Ball 1-0: Called Strike 1-1: SINGLE (Groundball, 6MD)
|
Batting: LHB Bob Martin
|
0-0: Foul Ball, location: 2F 0-1: Foul Ball, location: 2F 0-2: Foul Ball, location: 2F 0-2: Ball 1-2: Ball 2-2: Ball 3-2: Fly out, F6 (Popup, 6)
|
Batting: RHB Yaichiro Sugahara
|
0-0: Foul Ball, location: 2F 0-1: Swinging Strike 0-2: Strikes out looking
|
Batting: SHB Howard Parker
|
0-0: Ball 1-0: Ball 2-0: Called Strike 2-1: Ball 3-1: Base on Balls Salvador Borbón to second
|
Batting: LHB Andrew Alvarado
|
0-0: Fielders Choice at 2nd, 6-4 (Groundball, 6)
|
Top of the 4th over - 0 run(s), 1 hit(s), 0 error(s), 1 left on base; Nassau 2 - So Cal 7 |
BOTTOM OF THE 4TH |
So Cal Bruins batting - Pitching for Nassau Rockets : RHP Derek Simpson
|
Batting: RHB Earl Wiggins
|
0-0: Ball 1-0: Ball 2-0: Swinging Strike 2-1: SINGLE (Groundball, 6MD)
|
Batting: LHB José Antonio Santiago
|
0-0: Ball 1-0: Called Strike 1-1: Swinging Strike 1-2: Strikes out swinging
|
Batting: RHB Rubén Calderón
|
0-0: Called Strike 0-1: Ball 1-1: Ball 2-1: Ball 3-1: SINGLE (Groundball, 5D) Earl Wiggins to second
|
Batting: LHB Kiyonaga Morita
|
0-0: Ball 1-0: Ball 2-0: Called Strike 2-1: Ball 3-1: Called Strike 3-2: SINGLE (Line Drive, 7S) Earl Wiggins to third Rubén Calderón to second
|
Batting: RHB Lawrence Schroeder
|
0-0: Foul Ball, location: 2F 0-1: Swinging Strike 0-2: Ball 1-2: Strikes out swinging
|
Batting: LHB Jeff Carter
|
0-0: Called Strike 0-1: Foul Ball, location: 2F 0-2: SINGLE (Line Drive, 9S) Earl Wiggins scores Rubén Calderón to third Kiyonaga Morita to second Runner from 3rd tries for Home, SAFE, no throw
|
Batting: RHB Morgan Gibbon
|
0-0: Ball 1-0: Ball 2-0: Called Strike 2-1: Fly out, F7 (Flyball, 78M)
|
Bottom of the 4th over - 2 run(s), 4 hit(s), 0 error(s), 2 left on base; Nassau 2 - So Cal 9 |
TOP OF THE 5TH |
Nassau Rockets batting - Pitching for So Cal Bruins : RHP Flint Gray
|
Batting: LHB Don Ramey
|
0-0: Called Strike 0-1: SOLO HOME RUN (Flyball, 89XD), Distance : 403 ft
|
Batting: LHB Wilson Allen
|
0-0: Ball 1-0: Ball 2-0: SOLO HOME RUN (Flyball, 8LXD), Distance : 428 ft
|
Batting: RHB Kenji Kudo
|
0-0: Called Strike 0-1: Fly out, F3 (Flyball, 3DF)
|
Batting: LHB Doug Thompson
|
0-0: Foul Ball, location: 2F 0-1: SINGLE (Groundball, 4MD)
|
Batting: RHB Salvador Borbón
|
0-0: Ball 1-0: Ball 2-0: Foul Ball, location: 2F 2-1: SINGLE (Groundball, 34D) Doug Thompson to second Runner from 2nd tries for 3rd, SAFE, throw made to third
|
Batting: LHB Bob Martin
|
0-0: Ball 1-0: Called Strike 1-1: Foul Ball, location: 2F 1-2: Foul Ball, location: 2F 1-2: SINGLE (Groundball, 6MD) Doug Thompson scores Salvador Borbón to second Runner from 2nd tries for 3rd, OUT after rundown.
|
Batting: RHB Yaichiro Sugahara
|
0-0: Ball 1-0: SINGLE (Line Drive, 78S) Bob Martin to second
|
Batting: SHB Howard Parker
|
0-0: Ball 1-0: Ball 2-0: Ball 3-0: Called Strike 3-1: Foul Ball, location: 2F 3-2: Base on Balls Bob Martin to third Yaichiro Sugahara to second
|
Batting: LHB Andrew Alvarado
|
0-0: Ball 1-0: Called Strike 1-1: Fly out, F7 (Flyball, 7LM)
|
Top of the 5th over - 3 run(s), 6 hit(s), 0 error(s), 3 left on base; Nassau 5 - So Cal 9 |
BOTTOM OF THE 5TH |
So Cal Bruins batting - Pitching for Nassau Rockets : RHP Derek Simpson
|
Batting: LHB Jesús Campos
|
0-0: Called Strike 0-1: Ball 1-1: Swinging Strike 1-2: Strikes out looking
|
Batting: RHB William Richardson
|
0-0: Ball 1-0: Foul Ball, location: 2F 1-1: Ball 2-1: Fly out, F6 (Popup, 6D)
|
Batting: RHB Earl Wiggins
|
0-0: Ball 1-0: Ball 2-0: Ball 3-0: Called Strike 3-1: Base on Balls
|
Batting: LHB José Antonio Santiago
|
0-0: Swinging Strike 0-1: Ball 1-1: Swinging Strike 1-2: Ball 2-2: Fly out, F8 (Line Drive, 8RM)
|
Bottom of the 5th over - 0 run(s), 0 hit(s), 0 error(s), 1 left on base; Nassau 5 - So Cal 9 |
TOP OF THE 6TH |
Nassau Rockets batting - Pitching for So Cal Bruins : RHP Flint Gray
|
Pitching: LHP Stanley Inman
|
|
Batting: LHB Don Ramey
|
0-0: SOLO HOME RUN (Line Drive, 89XD), Distance : 408 ft
|
Batting: LHB Wilson Allen
|
0-0: Ball 1-0: Called Strike 1-1: Ball 2-1: Called Strike 2-2: Strikes out swinging
|
Batting: RHB Kenji Kudo
|
0-0: Ball 1-0: Ground out 6-3 (Groundball, 56)
|
Batting: LHB Doug Thompson
|
0-0: Ball 1-0: SINGLE (Line Drive, 89S)
|
Batting: RHB Salvador Borbón
|
0-0: Ball 1-0: Ball 2-0: Ball 3-0: Called Strike 3-1: Base on Balls Doug Thompson to second
|
Batting: LHB Bob Martin
|
0-0: Ball 1-0: DOUBLE (Groundball, 3L) Doug Thompson scores Salvador Borbón to third Runner from 3rd tries for Home, SAFE, no throw
|
Pitching: LHP Jesús González
|
|
Batting: RHB Yaichiro Sugahara
|
0-0: Called Strike 0-1: Ball 1-1: Swinging Strike 1-2: Foul Ball, location: 2F 1-2: Foul Ball, location: 2F 1-2: Strikes out swinging
|
Top of the 6th over - 3 run(s), 3 hit(s), 0 error(s), 1 left on base; Nassau 8 - So Cal 9 |
BOTTOM OF THE 6TH |
So Cal Bruins batting - Pitching for Nassau Rockets : RHP Derek Simpson
|
Pitching: RHP Juan Franco
|
|
Batting: RHB Rubén Calderón
|
0-0: Foul Ball, location: 2F 0-1: Ball 1-1: SOLO HOME RUN (Flyball, 78XD), Distance : 390 ft
|
Batting: LHB Kiyonaga Morita
|
0-0: Ball 1-0: Called Strike 1-1: Ground out 5-3 (Groundball, 56)
|
Batting: RHB Lawrence Schroeder
|
0-0: Ball 1-0: Ground out 4-3 (Groundball, 4S)
|
Batting: LHB Jeff Carter
|
0-0: Called Strike 0-1: Ball 1-1: Ball 2-1: Ball 3-1: Swinging Strike 3-2: Foul Ball, location: 2F 3-2: SINGLE (Groundball, 4MD)
|
Batting: RHB Morgan Gibbon
|
0-0: Called Strike Jeff Carter steals 2nd base 0-1: Fly out, F9 (Flyball, 9LM)
|
Bottom of the 6th over - 1 run(s), 2 hit(s), 0 error(s), 1 left on base; Nassau 8 - So Cal 10 |
TOP OF THE 7TH |
Nassau Rockets batting - Pitching for So Cal Bruins : LHP Jesús González
|
Batting: SHB Howard Parker
|
0-0: Called Strike 0-1: Foul Ball, location: 2F 0-2: Fly out, F9 (Line Drive, 9)
|
Batting: LHB Andrew Alvarado
|
0-0: Ball 1-0: Ground out 4-3 (Groundball, 4)
|
Batting: LHB Don Ramey
|
0-0: Called Strike 0-1: DOUBLE (Flyball, 89D)
|
Batting: LHB Wilson Allen
|
0-0: Foul Ball, location: 2F 0-1: Ball 1-1: Called Strike 1-2: Strikes out swinging
|
Top of the 7th over - 0 run(s), 1 hit(s), 0 error(s), 1 left on base; Nassau 8 - So Cal 10 |
BOTTOM OF THE 7TH |
So Cal Bruins batting - Pitching for Nassau Rockets : RHP Juan Franco
|
Batting: LHB Jesús Campos
|
0-0: Ball 1-0: Ball 2-0: Ball 3-0: Base on Balls
|
Batting: RHB William Richardson
|
0-0: Ball 1-0: Ball 2-0: Sac Bunt - play at first, batter OUT! 1-4 Jesús Campos to second
|
Batting: RHB Earl Wiggins
|
0-0: Ball 1-0: Foul Ball, location: 2F 1-1: Ground out 5-3 (Groundball, 56S) Jesús Campos to third
|
Batting: LHB José Antonio Santiago
|
0-0: Ball 1-0: Foul Ball, location: 2F 1-1: Ball 2-1: Ground out 4-3 (Groundball, 4M)
|
Bottom of the 7th over - 0 run(s), 0 hit(s), 0 error(s), 1 left on base; Nassau 8 - So Cal 10 |
TOP OF THE 8TH |
Nassau Rockets batting - Pitching for So Cal Bruins : LHP Jesús González
|
Batting: RHB Kenji Kudo
|
0-0: Ball 1-0: Foul Ball, location: 2F 1-1: Ball 2-1: Ball 3-1: Foul Ball, location: 2F 3-2: Strikes out swinging
|
Batting: LHB Doug Thompson
|
0-0: SINGLE (Line Drive, 56)
|
Pitching: RHP Masahiko Okada
|
|
Batting: RHB Salvador Borbón
|
0-0: Foul Ball, location: 2F 0-1: Ball 1-1: Foul Ball, location: 2F 1-2: Ball 2-2: Ball 3-2: Fly out, F8 (Flyball, 8LD)
|
Pitching: LHP Jim Sheppard
|
|
Batting: LHB Bob Martin
|
0-0: Ball 1-0: Swinging Strike 1-1: Ball 2-1: Foul Ball, location: 2F 2-2: Ball 3-2: Strikes out swinging
|
Top of the 8th over - 0 run(s), 1 hit(s), 0 error(s), 1 left on base; Nassau 8 - So Cal 10 |
BOTTOM OF THE 8TH |
So Cal Bruins batting - Pitching for Nassau Rockets : RHP Juan Franco
|
Batting: RHB Rubén Calderón
|
0-0: Ball 1-0: Foul Ball, location: 2F 1-1: Ball 2-1: Ball 3-1: Called Strike 3-2: Strikes out looking
|
Batting: LHB Kiyonaga Morita
|
0-0: Ball 1-0: Ball 2-0: Foul Ball, location: 2F 2-1: Called Strike 2-2: Ball 3-2: Foul Ball, location: 2F 3-2: Strikes out swinging
|
Batting: RHB Lawrence Schroeder
|
0-0: Called Strike 0-1: Swinging Strike 0-2: Foul Ball, location: 2F 0-2: Ball 1-2: Foul Ball, location: 2F 1-2: Ground out 4-3 (Groundball, 4)
|
Bottom of the 8th over - 0 run(s), 0 hit(s), 0 error(s), 0 left on base; Nassau 8 - So Cal 10 |
TOP OF THE 9TH |
Nassau Rockets batting - Pitching for So Cal Bruins : LHP Jim Sheppard
|
Pitching: RHP Jerry Good
|
|
Batting: RHB Yaichiro Sugahara
|
0-0: Ball 1-0: Ball 2-0: Foul Ball, location: 2F 2-1: Fly out, F2 (Popup, 3S)
|
Batting: SHB Howard Parker
|
0-0: Called Strike 0-1: Foul Ball, location: 2F 0-2: Ball 1-2: Foul Ball, location: 2F 1-2: Ball 2-2: Ball 3-2: Strikes out swinging, 2-3 out at first.
|
Batting: LHB Andrew Alvarado
|
0-0: Ball 1-0: Ball 2-0: Ball 3-0: Called Strike 3-1: Called Strike 3-2: Foul Ball, location: 2F 3-2: Foul Ball, location: 2F 3-2: Foul Ball, location: 2F 3-2: Foul Ball, location: 2F 3-2: Fly out, F4 (Popup, 4D)
|
Top of the 9th over - 0 run(s), 0 hit(s), 0 error(s), 0 left on base; Nassau 8 - So Cal 10 |
|